[Event "2nd Bundesliga Nord 2024-25"]
[Site "Germany"]
[Date "2024.12.01"]
[Round "3.1"]
[White "Halvax, Georg"]
[Black "Fromm, Marius"]
[Result "1/2-1/2"]
[Annotator "TA"]
[ECO "D30"]
[WhiteElo "2434"]
[BlackElo "2452"]
[PlyCount "64"]
[EventDate "2024.11.29"]
[EventType "team-tourn"]
[EventCountry "GER"]
[SourceTitle "playchess.com"]
[Source "ChessBase"]
[SourceQuality "1"]
[TimeControl "40/5400+30:1800+30"]

1. d4 e6 2. c4 Nf6 3. Nf3 d5 4. e3 Be7 5. a3 O-O 6. Nbd2 b6 7. b4 c5 8. bxc5 bxc5 9. Bb2 Bb7 10. Be2 Nbd7 11. O-O Rb8 12. Qc2 dxc4 13. Nxc4 Be4 (13... Qc7 {looks sharper.} 14. dxc5 Bd5 15. Nfd2 Bxc5 16. Rfc1 Rfc8) 14. Qd2 Nb6 15. Nxb6 Qxb6 16. Bc3 Nd5 17. dxc5 Bxc5 18. Bd4 Bxd4 19. Qxd4 Qxd4 20. Nxd4 Nc3 {[%emt 0:00:20] And now ...e5 would win.} 21. Bf3 Bxf3 22. gxf3 Rfc8 23. Kg2 e5 24. Nf5 Kf8 {[%emt 0:05:28] Inhibits Ne7.} 25. Rfc1 g6 26. Nd6 Rc6 27. Ne4 Rbc8 28. Nxc3 Rxc3 29. Rcb1 Rd8 30. Rb5 Re8 31. Ra5 Re7 32. Rd1 Kg7 1/2-1/2

[Event "2nd Bundesliga Nord 2024-25"]
[Site "Germany"]
[Date "2024.12.01"]
[Round "3.2"]
[White "Olsen, Filip Boe"]
[Black "Gaponenko, Inna"]
[Result "1/2-1/2"]
[Annotator "RC"]
[ECO "D02"]
[WhiteElo "2470"]
[BlackElo "2341"]
[PlyCount "44"]
[EventDate "2024.11.29"]
[EventType "team-tourn"]
[EventCountry "GER"]
[SourceTitle "playchess.com"]
[Source "ChessBase"]
[SourceQuality "1"]
[TimeControl "40/5400+30:1800+30"]

1. Nf3 d5 2. g3 c5 3. Bg2 Nc6 4. d4 e6 5. O-O Nf6 6. a3 cxd4 7. Nxd4 Qb6 8. Nxc6 bxc6 9. c4 Be7 10. b4 a5 11. Be3 Qa6 12. cxd5 cxd5 13. Bd4 O-O 14. Nd2 Bd7 15. e4 Qd3 16. Bc5 Bxc5 17. bxc5 Rfc8 18. exd5 exd5 19. Nb3 Qxd1 20. Rfxd1 a4 21. Nc1 Rxc5 22. Nd3 Rc3 1/2-1/2

[Event "2nd Bundesliga Nord 2024-25"]
[Site "Germany"]
[Date "2024.12.01"]
[Round "3.3"]
[White "Schlecht, Daniel"]
[Black "Pajeken, Jakob Leon"]
[Result "1/2-1/2"]
[Annotator "TA"]
[ECO "D37"]
[WhiteElo "2372"]
[BlackElo "2417"]
[PlyCount "59"]
[EventDate "2024.11.29"]
[EventType "team-tourn"]
[EventCountry "GER"]
[SourceTitle "playchess.com"]
[Source "ChessBase"]
[SourceQuality "1"]
[TimeControl "40/5400+30:1800+30"]

1. Nf3 Nf6 2. c4 e6 3. d4 a6 4. Nc3 d5 5. cxd5 exd5 6. Bg5 Be6 7. e3 Nbd7 8. Bd3 {[%emt 0:00:29] White has an edge.} Bd6 9. O-O c6 10. Bf4 Qc7 11. Qd2 O-O 12. h3 Rfe8 13. Rfe1 g6 14. Rac1 Nh5 15. Bxd6 Qxd6 16. b3 Rad8 17. Na4 Nhf6 18. Qa5 Ne4 19. Bxe4 dxe4 20. Nd2 Bd5 21. Nc4 Bxc4 22. bxc4 c5 23. dxc5 Qe7 {[%emt 0:01:58] [#]} 24. Red1 $1 Ne5 25. Nb2 (25. Nb6 $16) 25... Qg5 $11 {[%emt 0:12:09] The position is equal.} 26. Rd5 Nf3+ 27. Kf1 Nh2+ 28. Kg1 $1 Nf3+ 29. Kf1 Nh2+ 30. Kg1 $1 {[%emt 0:00:05] Weighted Error Value: White=0.06 (flawless) /Black=0.06 (flawless) .  Mistake:       	White=1     	---        OK:         	White=10    	Black=6      Strong:       	White=3     	---} 1/2-1/2

[Event "2nd Bundesliga Nord 2024-25"]
[Site "Germany"]
[Date "2024.12.01"]
[Round "3.4"]
[White "Arndt, Magnus"]
[Black "Bashylina, Luisa"]
[Result "1/2-1/2"]
[Annotator "TA"]
[ECO "A15"]
[WhiteElo "2388"]
[BlackElo "2105"]
[PlyCount "62"]
[EventDate "2024.11.29"]
[EventType "team-tourn"]
[EventCountry "GER"]
[SourceTitle "playchess.com"]
[Source "ChessBase"]
[SourceQuality "1"]
[TimeControl "40/5400+30:1800+30"]

1. Nf3 Nf6 2. b3 g6 3. Bb2 Bg7 4. g3 d5 5. c4 O-O 6. cxd5 Qxd5 7. Bg2 c5 8. Nc3 Qd8 9. Na4 Na6 10. Rc1 Nd7 11. Bxg7 Kxg7 12. d4 Qa5+ 13. Qd2 Qxd2+ 14. Kxd2 Rd8 $1 15. Rhd1 b5 16. Nc3 b4 17. Nb5 {[%emt 0:05:43][%cal Of3e5] Ne5! poses a challenge} Bb7 18. dxc5 Naxc5 19. Nh4 Bxg2 20. Nxg2 a6 (20... Rab8 $5 21. Nd4 $8 (21. Nxa7 $2 {perishes.} Rb6 $19) 21... Rbc8 $11) 21. Nd4 Ne4+ 22. Ke1 Nc3 23. Rd2 (23. Nc6 $5 Nxd1 24. Nxd8 Nxf2 (24... Nc3 25. Nc6 $11) 25. Nxf7 $11) 23... Nf6 24. f3 {[%emt 0:01:45] Prevents Nfe4} a5 25. a4 e5 26. Nb5 $1 Rxd2 27. Kxd2 Rd8+ 28. Ke1 Nxb5 29. axb5 Rd5 30. Ne3 Rxb5 31. Ra1 Nd7 1/2-1/2

[Event "2nd Bundesliga Nord 2024-25"]
[Site "Germany"]
[Date "2024.12.01"]
[Round "3.5"]
[White "Schaefer, Markus"]
[Black "Ermitsch, Magnus"]
[Result "1-0"]
[Annotator "TA"]
[ECO "B85"]
[WhiteElo "2344"]
[BlackElo "2399"]
[PlyCount "69"]
[EventDate "2024.11.29"]
[EventType "team-tourn"]
[EventCountry "GER"]
[SourceTitle "playchess.com"]
[Source "ChessBase"]
[SourceQuality "1"]
[TimeControl "40/5400+30:1800+30"]

1. e4 c5 2. Nf3 e6 3. d4 cxd4 4. Nxd4 Nc6 5. Nc3 Qc7 6. Be2 Nf6 7. Be3 a6 8. O-O Be7 9. f4 d6 10. a4 O-O 11. Kh1 Bd7 12. Nb3 Rac8 13. a5 Rfe8 14. Bf3 Nb4 15. Qd2 (15. Rf2 $14) 15... Bc6 16. Nd4 d5 17. e5 Ne4 18. Qe2 Bc5 ({Black should play} 18... Nc5 $14) 19. Bxe4 $16 dxe4 20. Nxc6 (20. Nxe6 $1 $16 Rxe6 21. Bxc5) 20... Qxc6 $14 21. Bxc5 Qxc5 22. Nxe4 Qxc2 23. Qf3 Rc7 24. Nd6 Rd8 25. f5 exf5 $2 (25... Nc6 $14) 26. Nxf5 $18 Nd3 27. Qg3 g6 28. Qg5 Rcd7 $2 (28... Rf8 29. Ne7+ Rxe7 30. Qxe7 Qxb2) 29. Nh6+ Kg7 30. Ng4 {[%emt 0:00:09] and Qh6+ should not be overlooked} Kf8 31. e6 {[%emt 0:01:01][%cal Og5d8] Intending Qxd8+! and mate.} h5 {[%emt 0:00:08] [#]} 32. Qxd8+ $3 Rxd8 (32... Kg7 33. exd7) 33. Rxf7+ Kg8 34. Nf6+ Kh8 35. Rh7# 1-0

[Event "2nd Bundesliga Nord 2024-25"]
[Site "Germany"]
[Date "2024.12.01"]
[Round "3.6"]
[White "Kopylov, Daniel"]
[Black "Zolfagharian, Kevin"]
[Result "1-0"]
[Annotator "TA"]
[ECO "D41"]
[WhiteElo "2369"]
[BlackElo "2215"]
[PlyCount "75"]
[EventDate "2024.11.29"]
[EventType "team-tourn"]
[EventCountry "GER"]
[SourceTitle "playchess.com"]
[Source "ChessBase"]
[SourceQuality "1"]
[TimeControl "40/5400+30:1800+30"]

1. d4 Nf6 2. Nf3 e6 3. c4 d5 4. Nc3 c5 5. cxd5 cxd4 6. Qxd4 exd5 7. e4 dxe4 8. Qxd8+ Kxd8 9. Ng5 {[%emt 0:00:06][%csl LRe4,LRf7] White is slightly better.} Be6 10. Nxe6+ fxe6 11. Bc4 Ke7 12. Bg5 {[%emt 0:01:42][%cal Oe1g1][%mdl 1024] White has compensation.} Kf7 13. O-O Nbd7 14. Rfe1 Bb4 15. Bd2 {[%emt 0:05:37] A strong pair of Bishops.} Rac8 16. Bb5 Rhd8 17. Nxe4 Bxd2 18. Nxd2 Rc2 19. Nc4 a6 20. Nd6+ Ke7 21. Nf5+ Kf7 22. Nd6+ Ke7 23. Nf5+ Kf7 24. Nd4 {[%emt 0:00:43][%csl LRc2,LRe6] [#] Hoping for Bxd7.} Rxb2 (24... Rcc8 $5 25. Bf1 Ne5 $16) 25. Nxe6 Rc8 26. Ba4 Nc5 {[%emt 0:07:22] Wards off Bb3} 27. Nxc5 (27. Rac1 $14 b6 28. h3) 27... Rxc5 $11 28. Bb3+ Kg6 29. Re7 b5 $1 30. Ra7 Rc6 31. h3 Rd6 32. Re1 Kh6 ({Black should play} 32... Rdd2 $14) 33. Re3 (33. g4 $16) 33... Rdd2 34. Rg3 g6 35. Rf3 Ne4 {[%emt 0:00:11][%mdl 8192] [#]} (35... Rd7 $11 36. Rxa6 Ne4) 36. Bg8 $1 $18 Rxf2 $2 (36... g5 $18 37. Rxh7+ (37. Rxa6+ Kg7 $14) (37. Bxh7 g4 $18) 37... Kg6) 37. Rxh7+ Kg5 38. h4+ {[%emt 0:00:06] Weighted Error Value: White=0.12 (very precise) /Black=0.44.  Loses game:     	---       	Black=1      Mistake:       	White=2     	Black=2      Inaccurate:     	---       	Black=4      OK:         	White=15    	Black=11     Best:        	White=2     	Black=4      Strong:       	White=1     	Black=1} 1-0

[Event "2nd Bundesliga Nord 2024-25"]
[Site "Germany"]
[Date "2024.12.01"]
[Round "3.7"]
[White "Berg, Michael"]
[Black "Holtel, Jasper"]
[Result "1-0"]
[Annotator "TA"]
[ECO "D83"]
[WhiteElo "2252"]
[BlackElo "2344"]
[PlyCount "103"]
[EventDate "2024.11.29"]
[EventType "team-tourn"]
[EventCountry "GER"]
[SourceTitle "playchess.com"]
[Source "ChessBase"]
[SourceQuality "1"]
[TimeControl "40/5400+30:1800+30"]

1. d4 Nf6 2. c4 g6 3. Nc3 d5 4. Bf4 Bg7 5. e3 O-O 6. Rc1 Be6 7. c5 c6 8. Bd3 Bg4 {[%emt 0:08:22] The position is equal.} 9. Qc2 Nfd7 10. Bxb8 Nxb8 11. h3 Bc8 12. f4 b6 13. Na4 {[%emt 0:07:06] [#]} e5 $1 14. dxe5 (14. fxe5 Bh6) 14... f6 15. exf6 Bxf6 ({Black should try} 15... Qxf6 $15 16. cxb6 axb6) 16. Ne2 b5 17. Nac3 Na6 18. O-O Nxc5 19. Bxg6 Qe7 (19... hxg6 $11 20. Qxg6+ Kh8) 20. Nd1 hxg6 21. Qxc5 Qxc5 22. Rxc5 Bd7 23. Nd4 Rae8 {[%emt 0:03:24] Black is on the road to losing.} (23... Bxd4 $11 {remains equal.} 24. exd4 Rae8) 24. Nxc6 $16 Bxc6 25. Rxc6 Kg7 (25... d4 $16) 26. Rd6 Rd8 (26... d4 $16 {is a better defense.}) 27. Rxd8 $18 Rxd8 {[%emt 0:00:07][%mdl 4096] Endgame. KRB-KRN} 28. Rf2 Kf7 29. Rd2 Ke6 30. Kf2 Rc8 31. Ke2 Rc1 32. a3 Rb1 33. Kd3 a5 34. Kc2 Ra1 35. Nc3 Bxc3 36. Kxc3 {[%emt 0:00:03] KR-KR} (36. bxc3 Ra2+ 37. Kc1 Rxa3 $11) 36... Re1 37. Kd3 Kd6 38. Rf2 Rd1+ 39. Kc2 Re1 40. Kd2 Rb1 {[%emt 0:00:08] [#]} 41. Kc3 Rc1+ 42. Rc2 Re1 43. Kd3 Rg1 44. e4 Rd1+ 45. Ke2 Rd4 46. e5+ Kd7 47. Ke3 Re4+ 48. Kf3 Rc4 (48... Rd4 $142 49. Rc5 Rd3+ 50. Kg4 (50. Ke2 Rb3 $18) 50... Rd2) 49. Rxc4 dxc4 50. Ke3 b4 51. axb4 axb4 52. Kd4 {[%emt 0:00:00] Weighted Error Value: White=0.07 (flawless) /Black=0.42.  Mistake:       	---       	Black=6      Inaccurate:     	White=3     	Black=2      OK:         	White=23    	Black=19     Best:        	White=3     	Black=1} 1-0

[Event "2nd Bundesliga Nord 2024-25"]
[Site "Germany"]
[Date "2024.12.01"]
[Round "3.8"]
[White "Haug, Havard"]
[Black "Wickenfeld, Stefan"]
[Result "1-0"]
[Annotator "TA"]
[ECO "B01"]
[WhiteElo "2352"]
[BlackElo "2188"]
[PlyCount "71"]
[EventDate "2024.11.29"]
[EventType "team-tourn"]
[EventCountry "GER"]
[SourceTitle "playchess.com"]
[Source "ChessBase"]
[SourceQuality "1"]
[TimeControl "40/5400+30:1800+30"]

1. e4 d5 2. exd5 Qxd5 3. Nc3 Qa5 4. Nf3 Bg4 5. Be2 Nf6 6. O-O e6 7. d4 Be7 8. h3 Bh5 9. Ne5 (9. g4 $14 {was preferable.}) 9... Bxe2 $11 10. Qxe2 Nbd7 11. Nxd7 Nxd7 12. d5 Nf8 (12... e5 $1 $11) 13. Qf3 $36 {[%emt 0:07:56][%mdl 2048] White is on the roll.} e5 {[%emt 0:04:05] [#]} (13... Bd6 $142) 14. d6 $1 $16 cxd6 15. Qxb7 Rd8 16. Nd5 ({Better is} 16. b4 $16 Qb6 17. Qxb6 axb6 18. Nd5) 16... Rd7 $14 17. Qa8+ Bd8 ({Black should try} 17... Qd8 $14 18. Qc6 Ne6) 18. Be3 {[%emt 0:03:20] White is more active.} (18. Rd1 $16) 18... Ne6 $2 {[%emt 0:01:50] [#]} (18... Qa6 $14) 19. Qc6 $1 $18 Nc7 20. Rfd1 Nxd5 21. Rxd5 Qc7 22. Qxc7 Rxc7 23. Rxd6 Rxc2 24. b4 (24. Bxa7 Rxb2 25. a4 Bc7 $16) 24... Be7 (24... O-O $142 25. Ra6 (25. Bxa7 Be7 $18) 25... f5 26. Rxa7 Bf6) 25. Ra6 Bxb4 $2 {[%emt 0:04:58] [#]} (25... O-O 26. b5 (26. Rxa7 Bxb4 27. a4 Bd2 $16) (26. a3 f5 $18) 26... f5 27. Rxa7 f4) 26. Rb1 $1 ({Weaker is} 26. Rxa7 O-O $16) 26... Be7 27. Rxa7 Bd8 (27... Rc8 {keeps fighting.} 28. Rbb7 Bf6 29. Rxf7 Rd8) 28. Rb8 O-O 29. Raa8 Be7 30. a4 f5 31. a5 Kf7 32. a6 f4 33. Rxf8+ Bxf8 {[%emt 0:00:07] [#]} 34. a7 $1 {[%emt 0:00:08][%cal Oa8f8] and Rxf8+! should not be overlooked} Ra2 35. Bb6 Ra6 36. Rb8 1-0

[Event "2nd Bundesliga Nord 2024-25"]
[Site "Germany"]
[Date "2024.12.01"]
[Round "3.9"]
[White "Lutz, Christopher"]
[Black "Ernst, Sipke"]
[Result "1/2-1/2"]
[Annotator "RC"]
[ECO "C77"]
[WhiteElo "2524"]
[BlackElo "2519"]
[PlyCount "39"]
[EventDate "2024.11.29"]
[EventType "team-tourn"]
[EventCountry "GER"]
[SourceTitle "playchess.com"]
[Source "ChessBase"]
[SourceQuality "1"]
[TimeControl "40/5400+30:1800+30"]

1. e4 e5 2. Nf3 Nc6 3. Bb5 a6 4. Ba4 Nf6 5. d3 d6 6. c3 g6 7. Bg5 h6 8. Bh4 Bd7 9. Nbd2 Be7 10. Nf1 O-O 11. Ne3 Ng4 12. Bxe7 Nxe7 13. Nxg4 Bxg4 14. h3 Bd7 15. Bb3 Kg7 16. Qe2 a5 17. d4 f6 18. Rd1 Qe8 19. a3 g5 20. Qe3 1/2-1/2

[Event "2nd Bundesliga Nord 2024-25"]
[Site "Germany"]
[Date "2024.12.01"]
[Round "3.10"]
[White "Peyrer, Konstantin"]
[Black "Rotstein, Arkadij"]
[Result "1-0"]
[Annotator "TA"]
[ECO "D35"]
[WhiteElo "2437"]
[BlackElo "2432"]
[PlyCount "129"]
[EventDate "2024.11.29"]
[EventType "team-tourn"]
[EventCountry "GER"]
[SourceTitle "playchess.com"]
[Source "ChessBase"]
[SourceQuality "1"]
[TimeControl "40/5400+30:1800+30"]

1. d4 Nf6 2. c4 e6 3. Nc3 d5 4. cxd5 exd5 5. Bg5 Be7 6. e3 O-O 7. Bd3 Nbd7 8. Nf3 Re8 9. O-O Nf8 10. Ne5 c6 11. f4 N6d7 12. Qh5 g6 13. Bxe7 Qxe7 14. Qf3 f6 15. Nxd7 Bxd7 16. Rae1 f5 17. Nb1 Qb4 18. Qf2 Re7 19. a3 Qb3 20. Qd2 Rae8 21. Nc3 Ne6 22. Bb1 Qb6 23. Ba2 Kh8 24. b4 a5 25. b5 Qc7 26. bxc6 bxc6 27. Na4 (27. Bxd5 $5 cxd5 28. Nxd5 $16) 27... Qd6 28. Qc3 Nc7 29. Nc5 (29. Qxa5 Qxa3 30. Qxc7 Qxa4 $11) 29... Nb5 (29... a4 $11) 30. Qc1 (30. Qxa5 $16 {Black must now prevent a4.} Rxe3 31. Rxe3 Rxe3 32. a4) 30... a4 31. Bb1 (31. Nxa4 Qxa3 32. Qxa3 Nxa3 $15) 31... Qf6 32. Bd3 Nc7 (32... Nxd4 $2 33. Qa1 $18 (33. exd4 $2 Qxd4+ 34. Kh1 Rxe1 $19) (33. Qc3 $2 Nf3+ 34. gxf3 Qxc3 $19)) (32... Bc8 $14) 33. Nxa4 $16 Ne6 {[%emt 0:01:25] [#]} 34. Nb6 $1 Nf8 (34... Nxd4 $2 35. Nxd7 Rxd7 36. exd4 $18) 35. a4 Qd6 36. Qc5 (36. Qc3 $18 {has better winning chances.}) 36... Qxc5 $16 37. dxc5 Rxe3 (37... Ne6 $16) 38. Rxe3 $18 Rxe3 39. Rd1 Re7 40. a5 Be6 41. a6 Ra7 42. Rb1 Kg7 43. Na4 Kf6 $2 (43... Bc8 $16 {is a better defense.}) 44. Kf2 $2 (44. Rb6 $18 {and the rest is easy.}) 44... Ke7 $2 (44... Bc8 $16) 45. Rb8 $18 Nd7 46. Rh8 $2 ({Better is} 46. Rb6 $18) 46... Nf8 $11 47. Nb6 d4 $2 {[%emt 0:02:29][%mdl 8192] [#]} (47... Ke8 $11) 48. Bc4 $1 $18 Bxc4 49. Nc8+ Kf7 50. Nxa7 Bxa6 ({Avoid the trap} 50... Kg7 $2 51. Rxf8 Kxf8 52. Nb5 (52. Nxc6 Bxa6 53. Nxd4 Bb7 $18)) 51. Nxc6 d3 52. Ke3 Kg7 53. Rxf8 Kxf8 54. Nb4 Bb5 55. Nxd3 Ke7 56. Kd4 Ke6 57. Nb4 h6 $2 (57... Bf1 58. g3 Be2) 58. h4 $18 g5 59. fxg5 hxg5 60. hxg5 f4 61. Ke4 Bf1 62. Kf3 Kf5 63. c6 Bb5 64. c7 Bd7 65. Nd5 1-0

[Event "2nd Bundesliga Nord 2024-25"]
[Site "Germany"]
[Date "2024.12.01"]
[Round "3.11"]
[White "Suvorov, Alexander"]
[Black "Woelk, Tom-Frederic"]
[Result "1/2-1/2"]
[Annotator "TA"]
[ECO "D03"]
[WhiteElo "2356"]
[BlackElo "2378"]
[PlyCount "48"]
[EventDate "2024.11.29"]
[EventType "team-tourn"]
[EventCountry "GER"]
[SourceTitle "playchess.com"]
[Source "ChessBase"]
[SourceQuality "1"]
[TimeControl "40/5400+30:1800+30"]

1. Nf3 d5 2. d4 Nf6 3. c3 e6 4. Bg5 c5 5. e3 Nbd7 6. Nbd2 Qb6 7. Qc2 Bd6 8. Bd3 c4 {[%emt 0:07:23] The position is equal.} 9. Be2 Qc6 10. a4 O-O 11. O-O a6 12. Bf4 Bxf4 13. exf4 b5 14. Ne5 Qb7 15. a5 Ne8 16. Bf3 f6 17. Ng4 Nd6 18. Rfe1 Re8 19. Nf1 Nf8 20. Ng3 Bd7 {[%emt 0:01:26] [#]} 21. f5 $1 exf5 22. Ne3 Be6 {[%emt 0:02:15] ...f4 is the strong threat.} (22... Rxe3 $5 23. fxe3 (23. Rxe3 $2 {too greedy.} f4 $19) 23... Be6 $11) 23. Ngxf5 Nxf5 24. Nxf5 Qd7 {[%emt 0:00:12] Repels Nd6.   Weighted Error Value: White=0.15 (very precise) /Black=0.13 (very precise) .  Inaccurate:     	White=6     	Black=5      OK:         	White=7     	Black=4      Best:        	---       	Black=1} 1/2-1/2

[Event "2nd Bundesliga Nord 2024-25"]
[Site "Germany"]
[Date "2024.12.01"]
[Round "3.12"]
[White "Colpe, Malte"]
[Black "Suvorov, Luca"]
[Result "1/2-1/2"]
[Annotator "TA"]
[ECO "D31"]
[WhiteElo "2371"]
[BlackElo "2388"]
[PlyCount "37"]
[EventDate "2024.11.29"]
[EventType "team-tourn"]
[EventCountry "GER"]
[SourceTitle "playchess.com"]
[Source "ChessBase"]
[SourceQuality "1"]
[TimeControl "40/5400+30:1800+30"]

1. d4 d5 2. c4 e6 3. Nf3 a6 4. cxd5 exd5 5. Nc3 Be7 6. Bf4 Nf6 7. e3 Nh5 8. Be5 O-O 9. h3 g6 10. Be2 c6 11. O-O Nd7 12. Bh2 Ng7 13. Rc1 Nf6 14. Ne5 Bd6 15. Qb3 Qe7 16. Bf3 Be6 17. Nd3 Bxh2+ 18. Kxh2 {[%emt 0:00:06] [#]} Ne4 $1 19. Qc2 {[%emt 0:02:26] Against Nd2} 1/2-1/2

[Event "2nd Bundesliga Nord 2024-25"]
[Site "Germany"]
[Date "2024.12.01"]
[Round "3.13"]
[White "Korotkjevich, Stanislav"]
[Black "Van Delft, Merijn"]
[Result "1/2-1/2"]
[Annotator "TA"]
[ECO "A48"]
[WhiteElo "2360"]
[BlackElo "2359"]
[PlyCount "26"]
[EventDate "2024.11.29"]
[EventType "team-tourn"]
[EventCountry "GER"]
[SourceTitle "playchess.com"]
[Source "ChessBase"]
[SourceQuality "1"]
[TimeControl "40/5400+30:1800+30"]

1. d4 Nf6 2. Nf3 g6 3. Bg5 Bg7 4. e3 O-O 5. Be2 c5 6. c3 Qb6 7. Qb3 Qc7 8. Nbd2 d6 9. h4 Be6 10. Qc2 h5 11. Bf4 (11. dxc5 $142 Qxc5 12. Nd4) 11... Bg4 12. Bc4 cxd4 13. cxd4 {[%emt 0:04:50][%cal Oc4f7] Strongly threatening Bxf7+!.} Be6 1/2-1/2

[Event "2nd Bundesliga Nord 2024-25"]
[Site "Germany"]
[Date "2024.12.01"]
[Round "3.14"]
[White "Garner, Isaac"]
[Black "Gallasch, Jonas"]
[Result "1-0"]
[Annotator "TA"]
[ECO "E92"]
[WhiteElo "2331"]
[BlackElo "2301"]
[PlyCount "95"]
[EventDate "2024.11.29"]
[EventType "team-tourn"]
[EventCountry "GER"]
[SourceTitle "playchess.com"]
[Source "ChessBase"]
[SourceQuality "1"]
[TimeControl "40/5400+30:1800+30"]

1. d4 Nf6 2. c4 g6 3. Nc3 Bg7 4. e4 d6 5. Nf3 O-O 6. Be2 e5 7. d5 Bg4 8. Bg5 Nbd7 9. Qc2 Qe8 10. h3 Bxf3 11. Bxf3 a5 12. g4 Nc5 13. O-O-O a4 14. Be3 Nfd7 15. g5 (15. Kb1 $16) 15... f5 16. gxf6 ({Better is} 16. Kb1 $16) 16... Rxf6 $14 17. Be2 Qf8 18. Qd2 h5 19. f3 Kh7 20. Kc2 Bh6 21. Bxh6 Qxh6 22. Qxh6+ Kxh6 23. b4 axb3+ 24. axb3 Ra3 25. Rb1 Rf8 26. Rb2 (26. b4 Na4 27. Nxa4 Rxa4 $11) 26... Raa8 27. Nb5 Na6 28. b4 Rf6 29. Kd2 Rb8 30. Ra1 Kg5 (30... Rf4 $11) 31. Ke3 Kh4 32. Nc3 Nf8 (32... Rbf8 $14) 33. Ra5 $1 $16 Nh7 (33... Kxh3 34. Ra1 Kh4 35. Rg1 $18) (33... Nd7 $16 {was necessary.}) 34. c5 $18 Rbf8 {[%emt 0:00:03] Black is weak on the light squares} 35. c6 Ng5 36. cxb7 Nb8 37. Ra8 Kg3 $2 (37... Nxf3 38. Nb5 Ng1) 38. Rb1 (38. Nb5 Nxh3 39. Nxc7 R6f7 $18) 38... Nxh3 39. Nb5 {[%emt 0:00:43] Active counter play!} Nf4 40. Rg1+ (40. Nxc7 h4 41. Ne6 h3 42. Nxf8 Rxf8 $18) 40... Ng2+ 41. Kd2 $1 h4 42. Na7 $1 {[%emt 0:00:00] Threatens to win with Nc8.} (42. Nxc7 h3 43. Ra3 Rf4 $16) 42... h3 {[%emt 0:02:15] [#]} 43. Nc8 $1 h2 44. Rh1 Nd7 45. Bb5 (45. b8=B $2 Rxc8 46. Ra3 Nf4 $19 (46... Rxb8 $2 47. f4+ Kxf4 48. Rxh2 $19)) 45... Rxf3 {[%emt 0:00:27] ...Rf2+ is the strong threat.} 46. Bxd7 Re3 {[%emt 0:00:22] [#]} (46... Rb3 $142 47. Bf5 (47. b8=B {is a self mate.} Rf2+ 48. Kc1 Ne3) 47... Rxb4) 47. Bf5 $1 gxf5 (47... Rf7 48. b8=Q) 48. Ne7 (48. b8=R $2 {loses.} fxe4 (48... Rxe4 49. Nxd6 Rd4+ 50. Kc1 $16) 49. Ne7 Rf2+ 50. Kc1 Re1+ 51. Rxe1 Nxe1 $19) 1-0

[Event "2nd Bundesliga Nord 2024-25"]
[Site "Germany"]
[Date "2024.12.01"]
[Round "3.15"]
[White "Pauly, Carlo"]
[Black "Bracker, Frank"]
[Result "0-1"]
[Annotator "RC"]
[ECO "D37"]
[WhiteElo "2319"]
[BlackElo "2297"]
[PlyCount "98"]
[EventDate "2024.11.29"]
[EventType "team-tourn"]
[EventCountry "GER"]
[SourceTitle "playchess.com"]
[Source "ChessBase"]
[SourceQuality "1"]
[TimeControl "40/5400+30:1800+30"]

1. Nf3 Nf6 2. c4 e6 3. Nc3 d5 4. d4 Nbd7 5. Bf4 dxc4 6. e3 b5 7. Nxb5 Bb4+ 8. Nc3 Nd5 9. a3 Nxc3 10. Qd2 Bxa3 11. bxa3 Nd5 12. Bg5 f6 13. Bh4 N7b6 14. e4 Ne7 15. Be2 Bb7 16. Qe3 O-O 17. O-O Qd7 18. Rfc1 Qc6 19. Nd2 Nf5 20. d5 Nxd5 21. exd5 Qxd5 22. Qh3 Qxd2 23. Bxc4 Bd5 24. Rd1 Qf4 25. Bxd5 exd5 26. Bg3 Nxg3 27. Qe6+ Rf7 28. hxg3 Qd6 29. Qxd5 Qxd5 30. Rxd5 c6 31. Ra5 Rc7 32. Kf1 c5 33. Rc1 c4 34. Ra4 c3 35. Ke2 Rd8 36. Ke3 c2 37. Rd4 Re7+ 38. Re4 Rd1 39. Rxe7 Rxc1 40. Rc7 Re1+ 41. Kd2 Rf1 42. Kxc2 Rxf2+ 43. Kb3 Rxg2 44. Rc3 Re2 45. Kc4 Re5 46. Rd3 h5 47. a4 a5 48. Rd7 Rg5 49. Ra7 Kh7 0-1

[Event "2nd Bundesliga Nord 2024-25"]
[Site "Germany"]
[Date "2024.12.01"]
[Round "3.16"]
[White "Weihrauch, Jakob"]
[Black "Marcziter, Dmitrii"]
[Result "1-0"]
[Annotator "RC"]
[ECO "B41"]
[WhiteElo "2246"]
[BlackElo "2187"]
[PlyCount "77"]
[EventDate "2024.11.29"]
[EventType "team-tourn"]
[EventCountry "GER"]
[SourceTitle "playchess.com"]
[Source "ChessBase"]
[SourceQuality "1"]
[TimeControl "40/5400+30:1800+30"]

1. e4 c5 2. Nf3 e6 3. d4 cxd4 4. Nxd4 a6 5. c4 Nf6 6. Nc3 Qc7 7. a3 b6 8. f4 d6 9. Bd3 g6 10. O-O Bg7 11. Be3 O-O 12. Rc1 Bb7 13. b4 Nbd7 14. Nb3 Rac8 15. a4 Rfd8 16. a5 bxa5 17. Nxa5 Ba8 18. Kh1 Rb8 19. Qa4 Nb6 20. Qa3 Ng4 21. Bg1 f5 22. Be2 Nf6 23. c5 dxc5 24. bxc5 Nc8 25. e5 Nd5 26. Bxa6 Nxc3 27. Qxc3 Bd5 28. Bc4 Ne7 29. c6 g5 30. Bc5 Nxc6 31. Bxd5 Rxd5 32. Bd6 Qxa5 33. Qxc6 Ra8 34. Qd7 Rxd6 35. exd6 gxf4 36. Qxe6+ Kf8 37. Rc8+ Rxc8 38. Qxc8+ Kf7 39. Qc7+ 1-0